 Dungeon Crawl Stone Soup version 0.28-a0-1629-gf728b707aa (webtiles) character file.

Game seed: 15327245418911542020

257 Pin the Skirmisher (level 6, -4/56 HPs)
             Began as a Hill Orc Fighter on Jan 25, 2022.
             Killed from afar by an electric eel (7 damage)
             ... with a bolt of electricity
             ... on level 3 of the Dungeon.
             The game lasted 00:06:12 (2391 turns).

Pin the Skirmisher (Hill Orc Fighter)               Turns: 2391, Time: 00:06:13

Health: -4/56      AC:  7    Str: 21    XL:     6   Next: 16%
Magic:  6/6        EV:  9    Int: 14    God:
Gold:   66         SH:  4    Dex: 10    Spells: 5/5 levels left

rFire   . . .      SeeInvis .   a - +0 war axe
rCold   . . .      Faith    .   c - +0 buckler
rNeg    . . .      Spirit   .   b - +0 scale mail
rPois   .          Reflect  .   (no helmet)
rElec   .          Harm     .   (no cloak)
rCorr   .          Rampage  .   (no gloves)
Will    .....                   (no boots)
Stlth   ..........              (no amulet)
HPRegen 0.18/turn               e - +6 ring of intelligence
MPRegen 0.10/turn               i - ring of flight

@: flying
A: no striking features
a: no special abilities


You were on level 3 of the Dungeon.
You visited 1 branch of the dungeon, and saw 3 of its levels.

You collected 66 gold pieces.

Inventory:

Hand Weapons
 a - a +0 war axe (weapon)
Armour
 b - a +0 scale mail (worn)
 c - a +0 buckler (worn)
Jewellery
 e - a +6 ring of intelligence (left hand)
 i - a ring of flight (right hand)
 l - a ring of fire
Wands
 m - a wand of flame (13)
Scrolls
 f - 2 scrolls of identify {unknown}
 g - a scroll of immolation {unknown}
 j - 3 scrolls of enchant weapon {unknown}
 k - a scroll of teleportation {unknown}
Potions
 d - a potion of might
 h - a potion of degeneration {unknown}


   Skills:
 + Level 5.1 Fighting
 + Level 4.7 Axes
 + Level 4.5 Armour
 + Level 4.6 Shields


You had 5 spell levels left.
You didn't know any spells.
Your spell library contained the following spells:

 Spells                   Type           Power      Damage    Failure   Level
 Ensorcelled Hibernation  Hex/Ice        0%         N/A       83%         2
 Passwall                 Tmut/Erth      0%         N/A       83%         2
 Conjure Flame            Conj/Fire      0%         6-21      96%         3
 Ignite Poison            Fire/Tmut/Pois 0%         N/A       96%         3
 Swiftness                Air            0%         N/A       96%         3
 Sticky Flame             Conj/Fire      0%         2d3       100%        4


Dungeon Overview and Level Annotations

Branches:
Dungeon (3/15)

Altars:
Vehumet

Shops:
D:1 (


Message History

The rat barely misses you. The kobold closely misses you.
You hit the rat.
You kill the rat!
You completely miss the kobold. The kobold hits you with a +0 dagger.
The kobold hits you but does no damage.
You slash the kobold!
You kill the kobold!
Things that are here:
a +0 dagger; a stone
Found a scroll labelled ZOLIKA CUSHRU.
There is a transporter here.
You enter the transporter and appear at another place.
m - a wand of flame (13)
You now have 66 gold pieces (gained 11).
You reach down and open the door.
The electric eel shoots out a bolt of lightning at you!
The bolt of electricity hits you!
The electric eel shoots out a bolt of lightning at you!
The bolt of electricity hits you!
The bolt of electricity hits the plant!
The plant begins to die.
The bolt of electricity hits the plant!
You slash the plant!
The plant begins to die.
The plant is lightly damaged.
You slash the plant!
The plant is lightly damaged.
A nearby plant withers and dies.
You hit the plant but do no damage.
The plant is lightly damaged.
You hit the plant but do no damage.
The plant is lightly damaged.
A nearby plant withers and dies.
The electric eel shoots out a bolt of lightning at you!
The bolt of electricity hits you.
The electric eel shoots out a bolt of lightning at you!
The bolt of electricity hits you! x2
* * * LOW HITPOINT WARNING * * *
The electric eel shoots out a bolt of lightning at you!
The bolt of electricity hits you!
* * * LOW HITPOINT WARNING * * *
The bolt of electricity hits you!
You die...

#####.##### #.####.
#.........####.......
#....................
#.......)..##########
#..........#8≈#S≈≈≈≈≈
......###...#..#..≈P≈P
....... #..©#©.'..≈♣≈P
.?..... ##..#..#..≈≈≈≈
.r.... ##.#8@#SS≈≈≈≈
... #.##########
...?...........
..#..##.##....#
#.......# #.#..
#........ .... ####
### ... #.


You could see 3 electric eels.

Vanquished Creatures
  A necrophage (D:3)
  A scorpion (D:3)
  A jelly (D:3)
  2 adders (D:2)
  2 worms
  A dart slug (D:1)
  3 endoplasms
  A giant cockroach (D:2)
  11 goblins
  10 hobgoblins
  2 jackals (D:2)
  3 quokkas
  5 ball pythons
  2 bats
  A frilled lizard (D:2)
  6 kobolds
  7 rats
59 creatures vanquished.

Vanquished Creatures (others)
  2 plants (D:3)
2 creatures vanquished.

Grand Total: 61 creatures vanquished

Notes
Turn   | Place    | Note
-------+----------+-------------------------------------------
     0 | D:1      | Pin the Hill Orc Fighter began the quest for the Orb.
     0 | D:1      | Reached XP level 1. HP: 19/19 MP: 1/1
   233 | D:1      | Reached XP level 2. HP: 27/27 MP: 2/2
   538 | D:1      | Found Sianun's Weapon Shoppe.
   707 | D:1      | Reached skill level 4 in Fighting
   874 | D:1      | Reached XP level 3. HP: 33/33 MP: 3/3
  1352 | D:2      | Reached XP level 4. HP: 17/40 MP: 4/4
  1615 | D:2      | Found a faded altar of an unknown god.
  1849 | D:3      | Noticed a scorpion
  1868 | D:3      | Killed a scorpion
  1869 | D:3      | Reached XP level 5. HP: 9/47 MP: 5/5
  1870 | D:3      | Noticed a necrophage
  1874 | D:2      | HP: 2/47 [poisoned by a scorpion]
  2180 | D:3      | Killed a necrophage
  2184 | D:3      | Reached skill level 5 in Fighting
  2184 | D:3      | Reached XP level 6. HP: 51/56 MP: 6/6
  2219 | D:3      | Found a radiant altar of Vehumet.
  2352 | D:3      | Found a transporter.
  2391 | D:3      | Killed from afar by an electric eel

Illustrated notes

Levels and vault maps discovered:
D:1:      eino_arrival_water_star, layout_basic, serial_shops,
          nicolae_shop_competitors_out_of_business,
          chequers_serial_rivers_micro_e
D:2:      layout_rooms, hellmonk_ecumenical_altar_inner_sanctum
D:3:      gammafunk_steamed_eel, layout_rooms, mainiacjoe_overflow_24_doors

Skill      XL: |  1  2  3  4  5 |
---------------+----------------+-----
Axes           | 3 4 |  4.7
Fighting       | 4 5 |  5.1
Armour         | 4 |  4.5
Shields        | 4 |  4.6

Action                   |  1- 3 |  4- 6 || total
-------------------------+-------+-------++-------
Melee: War axe           |    88 |    60 ||   148
Armor: Scale mail        |    43 |    15 ||    58
Dodge: Dodged            |    43 |    34 ||    77
Block: Buckler           |    28 |     5 ||    33

Table legend: (Time is in decaauts)
 A = Elapsed time spent in this place.
 B = Non-inter-level travel time spent in this place.
 C = Inter-level travel time spent in this place.
 D = Time resting spent in this place.
 E = Time spent auto-exploring this place.
 F = Levels seen in this place.
 G = Mean time per level.
                   A        B        C        D        E       F      G
               +--------+--------+--------+--------+--------+-----+--------+
         Total |   2443 |   2427 |     16 |    190 |   1832 |   3 |  814.3 |
       Dungeon |   2443 |   2427 |     16 |    190 |   1832 |   3 |  814.3 |
               +--------+--------+--------+--------+--------+-----+--------+

Top non-repeatable levels by time:
     D:2: 1200 daAuts
     D:1: 983 daAuts
     D:3: 259 daAuts
